 Dungeon Crawl Stone Soup version 0.12.2-23-ge55d17c (webtiles) character file.

8266 Gabry the Hoplite (level 10, -1/84 (88) HPs)
             Began as a Minotaur Fighter on Sept 3, 2013.
             Was a High Priest of Okawaru.
             Killed by divine providence
             ... invoked by an orc priest
              (15 damage)
             ... on Level 12 of the Dungeon on Sept 4, 2013.
             The game lasted 01:38:44 (13843 turns).

Gabry the Hoplite (Minotaur Fighter)               Turns: 13843, Time: 01:38:44

HP  -1/84 (88)   AC 25     Str 22      XL: 10   Next: 84%
MP   5/5         EV  5     Int  5      God: Okawaru [*****.]
Gold 1184        SH 24     Dex 12      Spells:  0 memorised,  9 levels left

Res.Fire  : + + .   See Invis. : .   w - +4,+6 falchion
Res.Cold  : + . .   Warding    : .   C - +3 dwarf plate armour
Life Prot.: . . .   Conserve   : .   i - -2 shield "Chucli" {rElec rPois rF+}
Res.Poison: +       Res.Corr.  : .   y - +2 cap
Res.Elec. : +       Clarity    : .   a - +0 cloak
Sust.Abil.: . .     Spirit.Shd : .   (no gloves)
Res.Mut.  : .       Stasis     : .   D - +2 pair of elf boots
Res.Rott. : .       Ctrl.Telep.: .   (no amulet)
Saprovore : . . .   Flight     : .   B - ring of protection from cold
                                     N - ring of protection from fire

@: somewhat resistant to hostile enchantments, extremely unstealthy
A: retaliatory headbutt, horns 2
a: Heroism, Finesse, Renounce Religion


You were on level 12 of the Dungeon.
You worshipped Okawaru.
Okawaru was exalted by your worship.
You were not hungry.

You visited 4 branches of the dungeon, and saw 18 of its levels.

You collected 1164 gold pieces.

Inventory:

Hand weapons
 g - a cursed +2,+3 spear of freezing
 h - a +1,+1 dwarven sabre of speed
 k - a +0,+1 trident of protection
 l - a +1,+1 whip of flaming
 r - a +0,+1 spear of dragon slaying
 w - a +4,+6 falchion (weapon)
 x - a +2,+0 elven dagger (quivered)
 J - a +1,+0 spear of dragon slaying
 K - a +2,+1 morningstar of freezing
 R - a +0,+3 orcish dagger of returning
 V - a +5,+0 orcish war axe
Armour
 a - a +0 cloak (worn)
 c - a +0 shield
 i - the -2 shield "Chucli" (worn) {rElec rPois rF+}
   (You found it on level 10 of the Dungeon)

   It protects you from fire.
   It insulates you from electricity.
   It protects you from poison.
 y - a +2 cap (worn)
 C - a +3 dwarven plate armour (worn)
 D - a +2 pair of elven boots (worn)
 I - the +2 robe of the Hurricane {Dex+4 SInv Stlth--}
   (You found it on level 6 of the Dungeon)

   It affects your dexterity (+4).
   It enhances your eyesight.
   It makes you much less stealthy.
 X - a +0 ring mail of cold resistance
Magical devices
 b - a wand of digging (15)
 z - a wand of draining (2)
 E - a wand of magic darts (12)
 G - a wand of confusion (7)
 M - a wand of fire (7)
 U - a wand of magic darts (6)
 W - a wand of paralysis (12) {unknown}
Comestibles
 d - 5 bread rations
 H - 10 sultanas
Scrolls
 j - a scroll of identify
 n - 7 scrolls of remove curse
 p - a scroll of fog
 t - a scroll of recharging
 O - a scroll of amnesia
 P - 2 scrolls of enchant weapon II
 Y - a scroll of enchant weapon I
Jewellery
 v - an uncursed ring of poison resistance
 B - a ring of protection from cold (right hand)
 N - a ring of protection from fire (left hand)
Potions
 e - 9 potions of curing
 o - a potion of invisibility
 A - a potion of agility
 F - 2 potions of heal wounds
 L - a potion of slowing {unknown}
 T - a potion of poison {unknown}
Books
 f - a book of Transfigurations

   Spells                             Type                      Level
   Stoneskin                          Transmutation/Earth          2
   Polymorph                          Hexes/Transmutation          4
   Ice Form                           Ice/Transmutation            4
   Statue Form                        Transmutation/Earth          6
   Dragon Form                        Fire/Transmutation           7
 m - a book of Necromancy

   Spells                             Type                      Level
   Pain                               Necromancy                   1
   Animate Skeleton                   Necromancy                   1
   Lethal Infusion                    Charms/Necromancy            2
   Vampiric Draining                  Necromancy                   3
   Regeneration                       Charms/Necromancy            3
   Animate Dead                       Necromancy                   4
   Control Undead                     Necromancy                   4
 q - a book of Flames

   Spells                             Type                      Level
   Flame Tongue                       Conjuration/Fire             1
   Throw Flame                        Conjuration/Fire             2
   Conjure Flame                      Conjuration/Fire             3
   Inner Flame                        Hexes/Fire                   3
   Sticky Flame                       Conjuration/Fire             4
   Fireball                           Conjuration/Fire             5
 s - a book of Geomancy

   Spells                             Type                      Level
   Sandblast                          Earth                        1
   Stoneskin                          Transmutation/Earth          2
   Passwall                           Transmutation/Earth          3
   Stone Arrow                        Conjuration/Earth            3
   Petrify                            Transmutation/Earth          4
   Lee's Rapid Deconstruction         Earth                        5
 u - a book of Enchantments

   Spells                             Type                      Level
   Cause Fear                         Hexes                        4
   Silence                            Hexes/Air                    5
   Tukima's Dance                     Hexes                        5
   Deflect Missiles                   Charms/Air                   6
   Haste                              Charms                       6
 Q - a book of Ice

   Spells                             Type                      Level
   Freezing Aura                      Charms/Ice                   2
   Ensorcelled Hibernation            Hexes/Ice                    2
   Ozocubu's Refrigeration            Ice                          6
   Bolt of Cold                       Conjuration/Ice              6
   Freezing Cloud                     Conjuration/Ice/Air          6
   Metabolic Englaciation             Hexes/Ice                    6
   Simulacrum                         Ice/Necromancy               6
 S - a book of the Dragon

   Spells                             Type                      Level
   Flight                             Charms/Air                   3
   Cause Fear                         Hexes                        4
   Bolt of Fire                       Conjuration/Fire             6
   Dragon Form                        Fire/Transmutation           7
   Summon Dragon                      Summoning                    9


   Skills:
 * Level 9.6 Fighting
 + Level 11.7 Long Blades
 - Level 2.8 Maces & Flails
 * Level 2.9 Throwing
 + Level 11.0 Armour
 + Level 7.6 Dodging
 + Level 1.6 Stealth
 - Level 1.0 Stabbing
 + Level 12.6 Shields
 + Level 1.9 Traps
 + Level 0.2 Invocations
 + Level 1.4 Evocations


You had 9 spell levels left.
You didn't know any spells.

Dungeon Overview and Level Annotations

Branches:
Dungeon (12/27)            Temple (1/1) D:7             Orc (4/4) D:10
   Lair (1/8) D:12
    Elf: Orc:3-4

Altars:
Ashenzari
Cheibriados
Elyvilon
Fedhas
Kikubaaqudgha
Makhleb
Nemelex Xobeh
Okawaru
Trog
Vehumet
Xom
Yredelemnul
Zin
the Shining One

Annotations
Orc:4 Josephine


Innate Abilities, Weirdness & Mutations

You reflexively headbutt those who attack you in melee.
You have a pair of horns on your head.


Message History

* * * LOW HITPOINT WARNING * * *
The orc priest looks stronger.
You see here a large rock.
You see here a scroll of enchant weapon I.
Y - a scroll of enchant weapon I The cyclops throws a large rock.
The large rock hits you!
* * * LOW HITPOINT WARNING * * *
You see here a large rock.
The orc wizard's eyes start to glow.
A phantom comes into view.
The orc wizard casts a spell.
The orc wizard seems to speed up.
The phantom blinks!
The orc priest mumbles some strange prayers to Beogh against you.
Pain shoots through your body!
* * * LOW HITPOINT WARNING * * *
The phantom blinks!
The orc priest invokes the aid of Beogh against you.
Something smites you!
You die...

#..##<# #.##.................
#..##.# #.##....######.####..
..#..##.#####.##....######.####..
I....(((<..............(.........
###..##.#####.#####..............
..........o.......ยง..............
..#..##..(M.......###############
>.#..##..IoCo.....####### ###### #
#..##.######..@........ ......
#..##.# #.....###########...
#..##.. ......>...............
..#### ####.....#### ####...
#.....# #... #.....# #... #######
#... #... #...


You could see a cyclops, a sky beast, a mummy, an orc priest, an orc wizard and
an orc.

Vanquished Creatures
  Gastronok (D:11)
  Erica (D:12)
  Harold (Orc:2)
  An unseen horror (D:12)
  An orc sorcerer (D:12)
  4 hill giants
  A hydra skeleton (D:7)
  A cyclops (D:11)
  3 trolls
  3 hippogriffs
  3 vampire mosquitoes (D:12)
  A rock worm (shapeshifter) (D:12)
  A hungry ghost (D:9)
  A mottled dragon (D:11)
  2 soldier ants (D:12)
  A necrophage (D:6)
  A wyvern skeleton (D:6)
  2 giant goldfish (D:10)
  6 orc warriors
  A yak zombie (D:7)
  A yellow wasp (D:12)
  3 sky beasts
  5 centaurs
  3 ice beasts
  4 ogres
  A hippogriff skeleton (D:9)
  A phantom (D:8)
  A big kobold (D:12)
  A warg (Orc:1)
  A wolf (Orc:4)
  A crocodile (D:10)
  A basilisk zombie (D:11)
  6 giant frogs
  2 water moccasins
  A giant frog skeleton (D:11)
  3 jellyfish (D:10)
  14 killer bees
  5 wights (D:11)
  2 electric eels (D:10)
  2 ogre zombies (D:5)
  5 crimson imps
  A goliath beetle (D:9)
  14 orc priests
  3 big fish (D:10)
  An ogre skeleton (D:8)
  3 iguanas
  Crazy Yiuf (D:6)
  A quasit (D:8)
  6 hounds
  5 worker ants
  24 orc wizards
  5 sheep
  6 jellies
  11 adders
  A giant centipede (D:9)
  A giant mite (D:8)
  An adder skeleton (D:8)
  An inept feature mimic (D:10)
  2 worms
  2 giant eyeballs
  An ooze (D:3)
  85 orcs
  2 ball pythons
  4 giant cockroaches
  19 hobgoblins
  12 jackals
  14 kobolds
  9 quokkas
  12 bats
  A giant gecko (D:4)
  7 giant newts
  14 goblins
  A hobgoblin zombie (Orc:4)
  A jackal zombie (D:6)
  3 orc zombies (Orc:4)
  14 rats
  A fungus (D:6)
  A plant (D:11)
389 creatures vanquished.

Vanquished Creatures (others)
  A big fish (D:6)
  A sheep (D:12)
  2 orcs
  A goblin (D:1)
  3 kobolds
8 creatures vanquished.

Grand Total: 397 creatures vanquished

Notes
Turn   | Place    | Note
--------------------------------------------------------------
     0 | D:1      | Gabry, the Minotaur Fighter, began the quest for the Orb.
     0 | D:1      | Reached XP level 1. HP: 19/19 MP: 0/0
   181 | D:1      | Reached XP level 2. HP: 26/26 MP: 0/0
   211 | D:1      | Reached skill level 4 in Shields
   477 | D:1      | Reached XP level 3. HP: 30/33 MP: 1/1
   900 | D:2      | Reached skill level 1 in Dodging
   996 | D:2      | Reached XP level 4. HP: 33/39 MP: 1/1
  2010 | D:4      | Reached skill level 1 in Long Blades
  2034 | D:4      | Reached XP level 5. HP: 46/46 MP: 1/1
  2147 | D:4      | Reached skill level 5 in Armour
  2165 | D:4      | Reached skill level 5 in Shields
  2524 | D:5      | Entered Level 5 of the Dungeon
  2580 | D:5      | Reached XP level 6. HP: 51/53 MP: 2/2
  3352 | D:6      | Reached XP level 7. HP: 54/60 MP: 2/2
  3381 | D:6      | Noticed Crazy Yiuf
  3392 | D:6      | Killed Crazy Yiuf
  3429 | D:6      | Reached skill level 1 in Traps
  3699 | D:6      | Reached skill level 6 in Shields
  3716 | D:6      | Reached skill level 5 in Long Blades
  3716 | D:6      | Reached skill level 1 in Stabbing
  3718 | D:6      | Found a white marble altar of Elyvilon.
  3895 | D:6      | Got a crude robe
  3896 | D:6      | Identified the +2 robe of the Hurricane {Dex+4 SInv Stlth--} (You found it on level 6 of the Dungeon)
  4080 | D:6      | Noticed a necrophage
  4088 | D:6      | Killed a necrophage
  4088 | D:6      | Reached XP level 8. HP: 63/67 MP: 3/3
  4115 | D:6      | Reached skill level 5 in Fighting
  4115 | D:6      | Reached skill level 1 in Evocations
  4755 | D:7      | Reached skill level 7 in Shields
  4964 | D:7      | Found a staircase to the Ecumenical Temple.
  4977 | Temple   | Entered the Ecumenical Temple
  5324 | Temple   | Became a worshipper of Warmaster Okawaru
  5703 | D:7      | Noticed a six-headed hydra skeleton
  5724 | D:7      | Killed a hydra skeleton
  5724 | D:7      | Reached XP level 9. HP: 13/70 MP: 4/4
  6200 | D:8      | Noticed a hill giant
  6213 | D:8      | Killed a hill giant
  6213 | D:8      | Acquired Okawaru's first power
  6213 | D:8      | Reached skill level 8 in Shields
  6554 | D:8      | Found a blossoming altar of Fedhas.
  6944 | D:8      | Reached skill level 1 in Stealth
  7374 | D:9      | Reached skill level 5 in Dodging
  7535 | D:9      | Reached XP level 10. HP: 70/78 MP: 5/5
  7542 | D:9      | Reached skill level 9 in Shields
  8374 | D:10     | Entered Level 10 of the Dungeon
  8380 | D:10     | Got a pitted shield
  8381 | D:10     | Identified the cursed -2 shield "Chucli" {rElec rPois rF+} (You found it on level 10 of the Dungeon)
  8444 | D:10     | Paralysed by a giant eyeball for 2 turns
  8600 | D:10     | Got a shimmering falchion
  8601 | D:10     | Identified the cursed +0,-5 falchion "Guplet" {speed, Dex+4 Stlth--} (You found it on level 10 of the Dungeon)
  8742 | D:10     | Found Dysicynu's Magic Scroll Emporium.
  8779 | D:10     | Dysicynu's Magic Scroll Emporium was a mimic.
  8849 | D:10     | Found a staircase to the Orcish Mines.
  9333 | D:11     | Noticed a cyclops
  9367 | D:11     | Killed a cyclops
  9367 | D:11     | Reached skill level 10 in Shields
  9560 | D:11     | Noticed Gastronok
  9581 | D:11     | Killed Gastronok
  9581 | D:11     | Reached skill level 10 in Long Blades
  9609 | D:11     | Paralysed by a potion of paralysis for 2 turns
  9729 | D:11     | Reached skill level 11 in Shields
  9775 | D:11     | Reached XP level 11. HP: 85/87 MP: 5/5
  9882 | D:11     | Noticed an eight-headed hydra
  9936 | D:11     | Acquired Okawaru's second power
 10524 | D:12     | Noticed Erica
 10644 | D:12     | Noticed an ice devil
 10830 | D:12     | Reached XP level 10. HP: 67/81 MP: 4/5
 10838 | D:12     | Killed Erica
 10838 | D:12     | Reached skill level 10 in Armour
 10838 | D:12     | Reached XP level 11. HP: 33/88 MP: 4/5
 10863 | D:12     | Noticed a hill giant
 10893 | D:12     | Killed a hill giant
 11203 | D:12     | Killed an unseen horror
 11203 | D:12     | Reached skill level 1 in Throwing
 11337 | D:12     | Noticed a seven-headed hydra
 11512 | Orc:1    | Entered Level 1 of the Orcish Mines
 11632 | Orc:1    | Reached skill level 12 in Shields
 11672 | Orc:2    | Noticed Harold
 11685 | Orc:2    | Killed Harold
 12209 | Orc:4    | Entered Level 4 of the Orcish Mines
 12280 | Orc:4    | Noticed a hill giant
 12327 | Orc:4    | Killed a hill giant
 12517 | Orc:4    | Noticed Josephine
 12521 | Orc:4    | Noticed a hill giant
 12532 | Orc:4    | Killed a hill giant
 12871 | Orc:4    | Reached XP level 10. HP: 82/82 MP: 4/5
 13713 | D:12     | Found a staircase to the Lair.
 13780 | Lair:1   | Entered Level 1 of the Lair of Beasts
 13780 | Lair:1   | Noticed a black mamba
 13843 | D:12     | Killed from afar by an orc priest

Action                   |  1- 3 |  4- 6 |  7- 9 | 10-12 || total
-------------------------+-------+-------+-------+-------++-------
Melee: Mace              |    62 |       |       |       ||    62
       Whip              |    61 |    24 |       |       ||    85
       Falchion          |       |   165 |   356 |   831 ||  1352
Invok: Heroism           |       |       |       |     1 ||     1
Evoke: Wand              |       |     4 |     3 |       ||     7
  Use: Scroll            |     1 |    20 |    13 |    16 ||    50
       Potion            |       |       |     2 |    11 ||    13
 Stab: Confused          |       |     1 |       |       ||     1
       Fleeing           |       |       |     1 |       ||     1
